 Dungeon Crawl Stone Soup version 0.31-a0-744-gbc345e7fcb (webtiles) character file.

Game seed: 9855672316586327010

1773 Shayle the Trooper (level 9, -5/92 HPs)
             Began as an Ogre Shapeshifter on Sept 13, 2023.
             Was a Believer of Kikubaaqudgha.
             Slain by a yak (8 damage)
             ... on level 6 of the Dungeon.
             The game lasted 00:22:39 (6491 turns).

Shayle the Trooper (Ogre Shapeshifter)              Turns: 6491, Time: 00:22:40

Health: -5/92      AC:  4    Str: 20    XL:     9   Next: 7%
Magic:  16/16      EV: 10    Int: 21    God:    Kikubaaqudgha [**....]
Gold:   460        SH:  0    Dex: 14    Spells: 5/18 levels left

rFire   . . .        f - +7 dire flail (holy)
rCold   . . .        (shield currently unavailable)
rNeg    . . .        a - +1 animal skin
rPois   .            (helmet currently unavailable)
rElec   .            (cloak currently unavailable)
rCorr   .            (gloves unavailable)
SInv    .            (boots unavailable)
Will    +....        n - amulet of regeneration
Stlth   +            m - +6 ring of dexterity
HPRegen 1.15/turn    G - +6 ring of intelligence
MPRegen 0.15/turn

%: no passive effects
@: beast-form, enlightened, flying
A: beast (slay +2), large, unfitting armour, tough skin 1
a: Begin Untransformation, Renounce Religion, Unearth Wretches


You were on level 6 of the Dungeon.
You worshipped Kikubaaqudgha.
Kikubaaqudgha was pleased with you.
You were a hulking beast.
You visited 2 branches of the dungeon, and saw 8 of its levels.
You also visited: Sewer.

You collected 460 gold pieces.

Inventory:

Hand Weapons
 f - a +7 dire flail of holy wrath (weapon)
 j - a +1 falchion of protection
 B - a +0 giant spiked club
 D - a +3 hand axe
Missiles
 H - a curare-tipped dart
Armour
 a - a +1 animal skin (worn)
Jewellery
 m - a +6 ring of dexterity (left hand)
 n - an amulet of regeneration (around neck)
 C - a ring of ice
 E - a ring of fire
 G - a +6 ring of intelligence (right hand)
Talismans
 c - a beast talisman (active)
 d - a flux talisman
 I - a talisman of death
Wands
 y - a wand of mindburst (3)
Scrolls
 b - a scroll of immolation {unknown}
 g - a scroll of revelation
 h - 2 scrolls of noise
 k - a scroll of vulnerability
 l - a scroll of torment {unknown}
 o - a scroll of fog {unknown}
 p - a scroll of brand weapon {unknown}
 r - a scroll of enchant armour
 t - a scroll of fear {unknown}
 z - a scroll of teleportation {unknown}
 A - 2 scrolls of identify
 F - a scroll of poison {unknown}
Potions
 e - a potion of haste
 q - a potion of lignification
 u - 3 potions of resistance
 v - a potion of attraction
 w - 2 potions of cancellation


   Skills:
 + Level 6.8 Fighting
 - Level 2.3 Dodging
 + Level 5.5 Unarmed Combat
 + Level 5.2 Spellcasting
 + Level 3.8 Necromancy
 + Level 3.9 Translocations
 - Level 3.6 Shapeshifting


You had 5 spell levels left.
You knew the following spells:

 Your Spells              Type           Power      Damage    Failure   Level
a - Blink                 Tloc           44%        N/A       3%          2
b - Manifold Assault      Tloc           22%        N/A       21%         4
c - Vampiric Draining     Necr           21%        2d7       6%          3
d - Animate Dead          Necr           21%        N/A       22%         4

Your spell library contained the following spells:

 Spells                   Type           Power      Damage    Failure   Level
 Necrotise                Necr           84%        1d8       2%          1
 Kiss of Death            Conj/Necr      52%        2d9       4%          1
 Tukima's Dance           Hex            5%         N/A       32%         3
 Dimensional Bullseye     Hex/Tloc       6%         N/A       43%         4
 Iskenderun's Mystic Bla  Conj/Tloc      13%        2d5       43%         4


Dungeon Overview and Level Annotations

Branches:
Dungeon (7/15)             Temple (1/1) D:5           Sewer (visited)

Altars:
Ashenzari
Cheibriados
Dithmenos
Elyvilon
Fedhas
Gozag
Hepliaklqana
Kikubaaqudgha
Makhleb
Nemelex Xobeh
Okawaru
Qazlal
Ru
Sif Muna
Uskayaw
Vehumet
Wu Jian
Xom
Zin

Annotations:
D:2 exclusion: door


Innate Abilities, Weirdness & Mutations

You are a hulking beast.
Your limbs bulge with bestial killing power. (Slay +2)
You are too large for most types of armour.
You have tough skin. (AC +1)


Message History

The yak gores you!
You puncture the yak!
The yak is moderately wounded.
The yak gores you. The yak closely misses you.
You puncture the yak!
The yak is severely wounded.
The yak barely misses you. x2
You hit the yak but do no damage.
The yak is severely wounded.
The yak gores you! x2; The yak gores you but does no damage. x2
You puncture the yak!
The yak is almost dead.
The yak barely misses you. The yak gores you!
You hit the yak.
The yak is almost dead.
The yak gores you. x2
* * * LOW HITPOINT WARNING * * *
Unknown command.
Okay, then.
Okay, then.
Okay, then.
Okay, then.
Okay, then.
The yak barely misses you. The yak barely misses you.
The yak attacks as it pursues you! The yak gores you!
* * * LOW HITPOINT WARNING * * *
The yak gores you but does no damage.
As you read the scroll labelled HOHAES MURPHOO, it crumbles to dust.
It is a scroll of enchant weapon.
Your +6 dire flail of holy wrath glows red for a moment.
The yak gores you.
* * * LOW HITPOINT WARNING * * *
The yak gores you!
* * * LOW HITPOINT WARNING * * *
It was a potion of enlightenment.
You feel very buoyant.
You fly up into the air.
The yak gores you!
You die...
Kikubaaqudgha rasps: "You have failed me!
Welcome... death!"

####.#
##≈≈≈≈~~~..÷###. #...#
##≈~~≈....## #. #.###
########~.~≈.+## #.
#.# #.#..##.~~~~..# #.
#.# #.#..##~.≈.~..# ##
#.# #....##.≈~~~..##
#.# ###..##.~≈.~~..##
###.#
#YY...≈~≈~....###
....#
#h###~~≈~~......##
#####
#Y###.~~≈~.......#
#.....~~~~~....)..
#####Y~~≈~.......#
#~~~~...#...##
#~~~≈~####### #
#Y~≈~~≈≈≈≈### ###
##.~≈≈.~≈≈≈≈≈#
..######
#########>Y.≈≈~~≈≈≈###


You could see 3 yaks.

Vanquished Creatures
  Edmund (D:5)
  A water moccasin (D:6)
  Duvessa (D:5)
  An ice beast (D:6)
  2 ogres (D:5)
  A kobold brigand (D:6)
  A phantom (D:5)
  2 bullfrogs (D:6)
  3 necrophages (D:4)
  Dowan (D:5)
  2 killer bees (D:6)
  2 jellies (D:6)
  2 orc priests
  3 hounds
  An iguana (D:6)
  2 orc wizards (D:6)
  A hell rat (Sewer)
  11 adders
  3 river rats (Sewer)
  2 white imps (D:6)
  An ufetubus (D:5)
  2 adder zombies (D:4)
  5 worms
  4 dart slugs
  12 orcs
  10 endoplasms
  2 giant cockroaches
  5 goblins
  7 hobgoblins
  23 kobolds
  6 quokkas
  9 ball pythons
  5 bats
  4 frilled lizards
  A quokka zombie (D:4)
  9 rats
148 creatures vanquished.

Notes
Turn   | Place    | Note
-------+----------+-------------------------------------------
     0 | D:1      | Shayle the Ogre Shapeshifter began the quest for the Orb.
     0 | D:1      | Reached XP level 1. HP: 19/19 MP: 1/1
   118 | D:1      | Reached XP level 2. HP: 25/28 MP: 2/2
   385 | D:1      | Reached skill level 2 in Fighting
   385 | D:1      | Reached skill level 1 in Spellcasting
   474 | D:1      | You fall into a shaft and drop 1 floor!
   546 | D:1      | Reached XP level 3. HP: 28/35 MP: 4/4
  1465 | D:2      | Reached XP level 4. HP: 20/44 MP: 6/6
  2021 | D:3      | Reached skill level 3 in Fighting
  2086 | D:3      | Reached XP level 5. HP: 47/50 MP: 7/7
  2228 | D:3      | Found a shadowy altar of Dithmenos.
  2234 | D:3      | Found a shimmering altar of Xom.
  2236 | D:3      | Found an ancient bone altar of Kikubaaqudgha.
  2236 | D:3      | Found a hazy altar of Hepliaklqana.
  2236 | D:3      | Found a radiant altar of Vehumet.
  2238 | D:3      | Found a hide-covered altar of Uskayaw.
  2238 | D:3      | Found a glowing silver altar of Zin.
  2239 | D:3      | Found a burning altar of Makhleb.
  2262 | D:3      | Became a worshipper of Kikubaaqudgha
  2310 | D:3      | Found an iron altar of Okawaru.
  2651 | D:3      | Upgraded the game from 0.31-a0-743-g45f7035092 to
                  | 0.31-a0-744-gbc345e7fcb
  2753 | D:4      | Learned a level 2 spell: Blink
  2758 | D:4      | Learned a level 4 spell: Manifold Assault
  2913 | D:4      | Found a glowing drain.
  2926 | Sewer    | Entered a sewer
  2959 | Sewer    | Reached * piety under Kikubaaqudgha
  2959 | Sewer    | Received a gift from Kikubaaqudgha
  3077 | D:4      | Reached XP level 6. HP: 56/56 MP: 9/9
  3119 | D:4      | Found a stormy altar of Qazlal.
  3487 | D:4      | Reached skill level 1 in Translocations
  3643 | D:4      | Found a blossoming altar of Fedhas.
  3657 | D:4      | Reached skill level 1 in Necromancy
  3850 | D:4      | Reached skill level 4 in Fighting
  4172 | D:4      | Reached XP level 7. HP: 67/71 MP: 11/11
  4238 | D:5      | Entered Level 5 of the Dungeon
  4568 | D:5      | Noticed Edmund
  4592 | D:5      | Killed Edmund
  4593 | D:5      | Reached skill level 5 in Fighting
  4700 | D:5      | Noticed Duvessa
  4700 | D:5      | Noticed Dowan
  4729 | D:5      | Killed Duvessa
  4730 | D:5      | Reached XP level 8. HP: 70/80 MP: 13/13
  4761 | D:5      | Killed Dowan
  4763 | D:5      | Found a staircase to the Ecumenical Temple.
  4774 | Temple   | Entered the Ecumenical Temple
  4841 | D:5      | Reached ** piety under Kikubaaqudgha
  4867 | D:5      | Found an opulent altar of Gozag.
  5357 | D:6      | Reached skill level 6 in Fighting
  5357 | D:6      | Reached skill level 5 in Unarmed Combat
  5425 | D:6      | Noticed a yak
  5443 | D:6      | Noticed a yak
  5443 | D:6      | Noticed a yak
  5722 | D:6      | Found a shimmering blue altar of Sif Muna.
  6150 | D:6      | Reached skill level 5 in Spellcasting
  6150 | D:6      | Reached XP level 9. HP: 51/92 MP: 16/16
  6163 | D:6      | Learned a level 3 spell: Vampiric Draining
  6168 | D:6      | Learned a level 4 spell: Animate Dead
  6490 | D:6      | HP: 2/92 [yak (10)]
  6491 | D:6      | Slain by a yak

Illustrated notes

Levels and vault maps discovered:
D:1:      nzn_arrival_settlement, layout_basic,
          nicolae_concentric_dashed_squares_mild, st_stairs_3
D:2:      cheibrodos_fertilizer, layout_basic, kennysheep_doodads
D:3:      layout_loops_corners, okawaru_trees_2, grunt_temple_overflow_open
D:4:      layout_basic, fedhas_altar_decomposition,
          nicolae_qazlal_scattered_showers, cheibrodos_sewer_entry_bend,
          kennysheep_generic_room_2
D:5:      layout_basic, nicolae_gozag_seed_capital, minmay_temple_entry_glass,
          minmay_misc_feat_room, uniq_duvessa, uniq_edmund
D:6:      layout_loops_corners, overflow_temple_1_default, hex_large,
          chequers_serial_rivers_large_a
D:7:      layout_loops_cross, dk_yredelemnul_ordeal,
          mainiacjoe_overflow_surrounded_room
Temple:   nicolae_temple_superstar

Skill      XL: |  1  2  3  4  5  6  7  8 |
---------------+-------------------------+-----
Fighting       | 2 3 4 5 6 |  6.8
Spellcasting   | 1 2 3 5 |  5.2
Unarmed Combat | 3 4 5 |  5.5
Dodging        | 2 |  2.3
Translocations | 1 2 3 |  3.9
Necromancy     | 1 2 3 |  3.8
Shapeshifting  | |  3.6

Action                     |  1- 3 |  4- 6 |  7- 9 || total
---------------------------+-------+-------+-------++-------
  Melee: Unarmed           |    58 |       |     8 ||    66
         Punch             |     2 |    10 |     9 ||    21
         Falchion          |    78 |   239 |   263 ||   580
         Dire flail        |       |       |     7 ||     7
  Evoke: Wand              |       |       |     4 ||     4
    Use: Potion            |     3 |     2 |     4 ||     9
         Scroll            |       |     6 |     2 ||     8
   Stab: Sleeping          |       |     1 |     1 ||     2
 Armour: Animal skin       |   141 |   162 |   279 ||   582
         Skin              |    26 |    23 |       ||    49
  Dodge: Dodged            |    82 |   104 |   187 ||   373

Table legend: (Time is in decaauts)
 A = Elapsed time spent in this place.
 B = Non-inter-level travel time spent in this place.
 C = Inter-level travel time spent in this place.
 D = Time resting spent in this place.
 E = Time spent auto-exploring this place.
 F = Levels seen in this place.
 G = Mean time per level.
                   A        B        C        D        E       F      G
               +--------+--------+--------+--------+--------+-----+--------+
         Total |   6645 |   6285 |    360 |    436 |   3973 |   9 |  738.3 |
       Dungeon |   6497 |   6138 |    359 |    402 |   3973 |   7 |  928.1 |
        Temple |      1 |      0 |      1 |      0 |      0 |   1 |    1.0 |
         Sewer |    146 |    146 |      0 |     34 |      0 |   1 |  146.0 |
               +--------+--------+--------+--------+--------+-----+--------+

Top non-repeatable levels by time:
     D:4: 1459 daAuts
     D:6: 1203 daAuts
     D:2: 1135 daAuts
     D:5: 975 daAuts
     D:3: 913 daAuts
     D:1: 804 daAuts
   Sewer: 146 daAuts
     D:7: 5 daAuts
  Temple: 1 daAuts
